 Dungeon Crawl Stone Soup version 0.24.0-2-g5b39cebb1c (webtiles) character file.

Game seed: 7419192465104296737, levelgen mode: deterministic

3390 iamserjio the Fighter (level 10, -2/72 HPs)
             Began as an Octopode Wanderer on Oct 31, 2019.
             Was a Follower of Uskayaw.
             Slain by a two-headed ogre
             ... wielding a +0 giant spiked club
              (10 damage)
             ... on level 8 of the Dungeon.
             The game lasted 00:08:42 (9009 turns).

iamserjio the Fighter (Octopode Wanderer)           Turns: 9009, Time: 00:08:43

Health: -2/72      AC:  1    Str: 14    XL:     10   Next: 4%
Magic:  14/18      EV: 17    Int: 18    God:    Uskayaw [*.....]
Gold:   300        SH:  0    Dex: 13    Spells: 6/20 levels left

rFire    . . .     SeeInvis .   t - +7 spear of the Disturbing Coins {venom, Int+4}
rCold    . . .     Gourm    .   (no shield)
rNeg     . . .     Faith    .   (helmet restricted)
rPois    .         Spirit   .   (no amulet)
rElec    .         Reflect  .   x - ring of protection from magic
rCorr    .         Harm     .   v - ring of wizardry
MR       +....                  (no ring)
Stlth    +++.......             (no ring)
HPRegen  0.22/turn              (no ring)
MPRegen  0.16/turn              (no ring)
                                (no ring)
                                (no ring)

@: no status effects
A: almost no armour, stealthy swim, amphibious, 8 rings, constrict 8, camouflage
1, gelatinous body 1
a: Stomp, Renounce Religion


You were on level 8 of the Dungeon.
You worshipped Uskayaw.
Uskayaw was noncommittal.
You were near starving.

You visited 1 branch of the dungeon, and saw 8 of its levels.

You collected 300 gold pieces.

Inventory:

Hand Weapons
 a - a +2 mace
 j - a +0 scimitar
 m - a +1 short sword of flaming
 n - a +0 lajatang
 p - a +2 falchion of slicing
 t - the +7 spear of the Disturbing Coins (weapon) {venom, Int+4}
   (You found it on level 4 of the Dungeon)

   It poisons the flesh of those it strikes.
   It affects your intelligence (+4).
 u - a +0 rapier
 z - a +2 dagger of flaming
Missiles
 k - 6 boomerangs (quivered)
Jewellery
 v - a ring of wizardry (right tentacle)
 x - a ring of protection from magic (left tentacle)
Scrolls
 d - 2 scrolls of enchant weapon
 e - 2 scrolls of identify {@r1}
 f - a scroll of fear
 o - 3 scrolls of remove curse {@r2}
 s - a scroll of teleportation {@r3}
Potions
 b - 5 potions of curing {@q1}
 g - 4 potions of degeneration
 l - 2 potions of flight
 q - 2 potions of brilliance
 r - 2 potions of haste {unknown}
 w - 2 potions of heal wounds {unknown}
 A - a potion of cancellation {unknown}
Comestibles
 c - 10 rations


   Skills:
 - Level 8.1 Fighting
 - Level 3.0 Maces & Flails
 - Level 1.0 Throwing
 * Level 6.9 Dodging
 - Level 1.3 Stealth
 * Level 5.5 Spellcasting
   Level 1.0 Conjurations
 - Level 2.0 Hexes
 + Level 1.9 Summonings
 - Level 2.0 Necromancy
 + Level 5.3 Invocations
   Level 2.6 Evocations


You had 6 spell levels left.
You knew the following spells:

 Your Spells              Type           Power        Failure   Level  Hunger
a - Confusing Touch       Hex            ##....       2%          1    None
b - Animate Skeleton      Necr           N/A          2%          1    None
c - Apportation           Tloc           #.....       5%          1    None
d - Summon Lightning Spi  Summ/Air       #.......     32%         4    ####...
e - Call Canine Familiar  Summ           ##......     7%          3    ##.....
f - Summon Ice Beast      Ice/Summ       #.......     32%         4    ####...

Your spell library contained the following spells:

 Spells                   Type           Power        Failure   Level  Hunger
 Summon Small Mammal      Summ           ##..         2%          1    None
 Call Imp                 Summ           ##......     3%          2    #......
 Summon Guardian Golem    Hex/Summ       ##......     7%          3    ##.....


Dungeon Overview and Level Annotations

Branches:
Dungeon (8/15)             Temple (0/1) D:6
   Lair: D:8-11

Altars:
Cheibriados
Fedhas
Kikubaaqudgha
Okawaru
Qazlal
Ru
Trog
Uskayaw
Wu Jian
Xom
The Shining One

Annotations:
D:8 Gastronok


Innate Abilities, Weirdness & Mutations

You cannot wear most types of armour.
You are very stealthy in the water. (Stealth+)
You are amphibious.
You can wear up to eight rings at the same time.
You can use your tentacles to constrict eight enemies at once.
Your skin changes colour to match your surroundings (Stealth+).
Your rubbery body absorbs attacks. (AC +1, EV +1)


Message History

You puncture the two-headed ogre!
The two-headed ogre is poisoned.
You squeeze the two-headed ogre.
The two-headed ogre hits you with a +0 giant spiked club!!
The two-headed ogre completely misses you.
You are too injured to fight recklessly!
You are too injured to fight recklessly!
You hit the two-headed ogre.
The two-headed ogre looks as sick as possible!
The two-headed ogre hits you with a +0 giant spiked club!!
* * * LOW HITPOINT WARNING * * *
The two-headed ogre hits you with a +0 giant club!
* * * LOW HITPOINT WARNING * * *
You can now pass through a line of other dancers.
Aiming: Line Pass The two-headed ogre appears confused.
You are near starving!
You can no longer pass through a line of other dancers.
The two-headed ogre misses you.
The two-headed ogre hits you with a +0 giant club!
You die... ############ .......@O.<# ############

You could see a two-headed ogre (confused).

Vanquished Creatures
  A two-headed ogre (D:8)
  A hornet (D:7)
  A hippogriff (D:7)
  Prince Ribbit (D:5)
  A water moccasin (D:8)
  An ice beast (D:6)
  An orc warrior (D:6)
  2 phantoms
  2 ogres (D:4)
  3 centaurs (D:7)
  2 bullfrogs
  A scorpion (D:4)
  A wyvern skeleton (D:7)
  2 howler monkeys
  3 crimson imps
  2 jellies
  A hound (D:5)
  6 orc wizards
  2 orc priests
  A centaur skeleton (D:4)
  Jessica (D:2)
  5 iguanas
  Natasha (thrice) (D:4)
  7 worker ants
  4 gnolls (D:5)
  8 adders
  An ooze (D:4)
  An adder skeleton (D:7)
  2 worms
  A dart slug (D:4)
  A leopard gecko (D:5)
  19 orcs
  10 ball pythons
  12 bats
  4 giant cockroaches
  5 goblins
  5 hobgoblins
  6 jackals
  5 kobolds
  2 quokkas
  5 frilled lizards
  A leopard gecko skeleton (D:6)
  A leopard gecko zombie (D:5)
  A quokka skeleton (D:5)
  6 rats
151 creatures vanquished.

Notes
Turn   | Place    | Note
-------+----------+-------------------------------------------
     0 | D:1      | iamserjio the Octopode Wanderer began the quest for the
                  | Orb.
     0 | D:1      | iamserjio set off with the following items: a +2 mace, 2
                  | potions of curing {@q1}, a ration
     0 | D:1      | Reached XP level 1. HP: 14/14 MP: 3/3
   410 | D:1      | Reached XP level 2. HP: 18/20 MP: 5/5
   964 | D:2      | Reached skill level 1 in Dodging
  1007 | D:2      | Reached skill level 3 in Fighting
  1007 | D:2      | Reached XP level 3. HP: 19/26 MP: 6/6
  1226 | D:2      | Noticed a +0 dagger
  1226 | D:2      | Noticed a +0 dagger
  1281 | D:2      | Found a hide-covered altar of Uskayaw.
  1347 | D:2      | Noticed Jessica
  1351 | D:2      | Killed Jessica
  1396 | D:2      | Reached XP level 4. HP: 28/33 MP: 7/7
  1816 | D:2      | Became a worshipper of Uskayaw the Reveler
  1874 | D:2      | Reached * piety under Uskayaw
  1883 | D:2      | Reached ** piety under Uskayaw
  1979 | D:2      | Found a bloodstained altar of Trog.
  2067 | D:2      | Found an iron altar of Okawaru.
  2067 | D:2      | Found a faded altar of an unknown god.
  2072 | D:2      | Found an ornate altar of the Wu Jian Council.
  2074 | D:2      | Found a snail-covered altar of Cheibriados.
  2075 | D:2      | Found an ancient bone altar of Kikubaaqudgha.
  2194 | D:3      | Reached skill level 4 in Fighting
  2346 | D:3      | Reached *** piety under Uskayaw
  2495 | D:3      | Reached XP level 5. HP: 12/37 MP: 8/8
  2516 | D:3      | HP: 1/37 [poisoned by an adder]
  3569 | D:4      | Reached skill level 5 in Fighting
  3569 | D:4      | Reached skill level 1 in Invocations
  3569 | D:4      | Reached XP level 6. HP: 30/45 MP: 9/9
  3948 | D:4      | Noticed a phantom
  3978 | D:4      | Killed a phantom
  4211 | D:4      | Reached XP level 7. HP: 48/51 MP: 10/10
  4280 | D:4      | Noticed Natasha
  4290 | D:4      | Killed Natasha
  4463 | D:4      | Got a bloodstained spear
  4641 | D:4      | Noticed Natasha
  4647 | D:4      | Killed Natasha
  4682 | D:4      | Noticed Natasha
  4693 | D:4      | Killed Natasha
  4693 | D:4      | Reached skill level 6 in Fighting
  5311 | D:4      | Identified the +7 spear of the Disturbing Coins {venom,
                  | Int+4} (You found it on level 4 of the Dungeon)
  5319 | D:4      | Learned a level 1 spell: Confusing Touch
  5321 | D:4      | Learned a level 1 spell: Animate Skeleton
  5323 | D:4      | Learned a level 1 spell: Apportation
  5324 | D:5      | Entered Level 5 of the Dungeon
  5334 | D:5      | Found a sacrificial altar of Ru.
  5352 | D:5      | Reached XP level 8. HP: 56/58 MP: 11/11
  5394 | D:5      | Reached skill level 1 in Hexes
  5394 | D:5      | Reached skill level 1 in Necromancy
  5559 | D:5      | Noticed Prince Ribbit
  5565 | D:5      | Killed Prince Ribbit
  5642 | D:5      | Reached **** piety under Uskayaw
  6090 | D:6      | Reached skill level 7 in Fighting
  6239 | D:6      | Reached skill level 5 in Dodging
  6250 | D:6      | Found a shimmering altar of Xom.
  6425 | D:6      | Found a glowing golden altar of the Shining One.
  6425 | D:6      | Found a staircase to the Ecumenical Temple.
  6646 | D:6      | Reached skill level 1 in Evocations
  7092 | D:6      | Reached XP level 9. HP: 64/64 MP: 14/14
  7148 | D:7      | Found a sand-covered staircase.
  7189 | D:7      | Noticed a hornet
  7197 | D:7      | Killed a hornet
  7875 | D:7      | Found a stormy altar of Qazlal.
  7909 | D:7      | Found a blossoming altar of Fedhas.
  7983 | D:7      | Reached skill level 8 in Fighting
  8632 | D:7      | Learned a level 4 spell: Summon Lightning Spire
  8636 | D:7      | Learned a level 3 spell: Call Canine Familiar
  8641 | D:7      | Learned a level 4 spell: Summon Ice Beast
  8655 | D:8      | Noticed a two-headed ogre
  8667 | D:8      | Killed a two-headed ogre
  8667 | D:8      | Reached skill level 5 in Spellcasting
  8667 | D:8      | Reached skill level 1 in Summonings
  8667 | D:8      | Reached skill level 5 in Invocations
  8667 | D:8      | Reached XP level 10. HP: 40/72 MP: 16/18
  8858 | D:8      | Noticed Gastronok
  9004 | D:8      | Noticed a two-headed ogre
  9009 | D:8      | Slain by a two-headed ogre

Levels and vault maps discovered:
D:1:      psy_arrival_statuary, layout_loops_ring, hex_tiny
D:2:      layout_rooms, dancing_weapons_uskayaw, lemuel_coloured_pillars_altar,
          chequers_temple_overflow_minitemple, uniq_jessica
D:3:      layout_rooms, first_ration, minmay_tree_intersection,
          minmay_shallow_snake_nest
D:4:      cheibrodos_old_hovel, layout_basic,
          eino_small_chamber_without_monster, uniq_natasha
D:5:      layout_cave_pools, nicolae_ru_sacrificial_ziggurat,
          serial_column_ruins, column_ruins_circle_medium,
          column_ruins_open_large, column_ruins_grid_1, column_ruins_open_tiny,
          column_ruins_open_tiny, nicolae_sextant, uniq_prince_ribbit1
D:6:      layout_loops_ring, nicolae_overflow_crystal_walls,
          lemuel_doored_altar, minmay_temple_entry_offerings
D:7:      layout_basic, grunt_temple_overflow_forces_of_nature,
          lightli_ossuary_entry_decrepit_ruins
D:8:      layout_basic, special_room [special_room_orc], uniq_gastronok

Skill      XL: |  1  2  3  4  5  6  7  8  9 |
---------------+----------------------------+-----
Dodging        | 1 2 3 4 5 6 |  6.9
Fighting       | 3 4 5 6 7 8 |  8.1
Invocations    | 1 2 3 4 5 |  5.3
Hexes          | 2 |  2.0
Necromancy     | 2 |  2.0
Spellcasting   | 3 5 |  5.5
Evocations     | 1 2 |  2.6
Summonings     | 1 |  1.9
Maces & Flails | |  3.0
Throwing       | |  1.0
Stealth        | |  1.3
Conjurations   | |  1.0

Action                   |  1- 3 |  4- 6 |  7- 9 | 10-12 || total
-------------------------+-------+-------+-------+-------++-------
Melee: Mace              |    47 |    10 |       |       ||    57
       Constrict         |     9 |    26 |    49 |     1 ||    85
       Tentacles         |     1 |    21 |    47 |     3 ||    72
       Short sword       |       |   116 |    42 |       ||   158
       Spear             |       |       |   181 |     7 ||   188
 Cast: Confusing Touch   |       |       |     1 |       ||     1
Invok: Stomp             |       |       |     2 |       ||     2
       Line Pass         |       |       |       |     1 ||     1
Evoke: Wand              |       |       |     5 |       ||     5
  Use: Scroll            |       |       |     9 |       ||     9
       Potion            |       |       |     1 |       ||     1
 Stab: Sleeping          |     4 |     7 |     9 |       ||    20
       Paralysed         |       |     5 |    23 |       ||    28
       Distracted        |       |       |     1 |       ||     1
       Confused          |       |       |     3 |       ||     3
  Eat: Chunk             |     1 |     9 |    11 |       ||    21
       Ration            |       |       |     1 |       ||     1
Armor: Skin              |    14 |     6 |     8 |       ||    28
Dodge: Dodged            |    34 |    95 |   108 |     3 ||   240
